 Dungeon Crawl Stone Soup version 0.23-a0-673-g3803c42f16 (webtiles) character file.

688 Mazzaar the Digger (level 7, -3/54 HPs)
             Began as a Gargoyle Earth Elementalist on Jan 9, 2019.
             Slain by an orc warrior
             ... wielding a +4 trident
              (4 damage)
             ... on level 5 of the Dungeon.
             The game lasted 00:16:57 (4741 turns).

Mazzaar the Digger (Gargoyle Earth Elementalist)    Turns: 4741, Time: 00:16:58

Health: -3/54      AC: 23    Str: 16    XL:     7   Next: 63%
Magic:  0/14       EV:  2    Int: 29    God:
Gold:   185        SH:  0    Dex: 10    Spells: 6/15 levels left

rFire    + . .     SeeInvis .   q - +1 dagger (venom)
rCold    . . .     Gourm    +   (no shield)
rNeg     + + +     Faith    .   (armour currently unavailable)
rPois    ∞         Spirit   .   (helmet currently unavailable)
rElec    .         Reflect  .   (cloak currently unavailable)
rCorr    .         Harm     .   (gloves currently unavailable)
MR       .....     NoTele   +   (boots currently unavailable)
Stlth    ++........             l - amulet of the gourmand
HPRegen  0.18/turn              j - ring of protection from fire
MPRegen  0.14/turn              t - +6 ring of intelligence

@: mighty, brilliant, tree-form (expiring), very slightly contaminated, hasted,
very quick
A: negative energy resistance 1, petrification resistance, rot immunity, AC +4
a: no special abilities


You were on level 5 of the Dungeon.
You were very full.
You were a tree.
You visited 1 branch of the dungeon, and saw 5 of its levels.

You collected 185 gold pieces.

Inventory:

Hand Weapons
 h - a +0 mace
 o - a +0 flail
 p - a +1 whip of pain
 q - a +1 dagger of venom (weapon)
Missiles
 b - 66 stones (quivered)
Armour
 c - a +1 robe (melded)
 i - a +2 helmet (melded)
Magical Staves
 s - an uncursed staff of energy {unknown}
Jewellery
 j - a ring of protection from fire (left branch)
 l - an amulet of the gourmand (around neck)
 t - a +6 ring of intelligence (right branch)
 u - an uncursed ring of protection from cold
Scrolls
 e - 3 scrolls of enchant weapon
 r - a scroll of enchant armour
Potions
 f - a potion of haste
 n - 2 potions of might
Comestibles
 d - 7 rations


   Skills:
 - Level 1.5 Dodging
 - Level 2.1 Stealth
 + Level 4.8 Spellcasting
 + Level 4.4 Conjurations
   Level 0.7 Transmutations
 + Level 6.8 Earth Magic


You had 6 spell levels left.
You knew the following spells:

 Your Spells              Type           Power        Failure   Level  Hunger
a - Sandblast             Erth           ######       1%          1    None
b - Stone Arrow           Conj/Erth      ######       1%          3    #......
c - Lee's Rapid Deconstr  Erth           ######....   1%          5    #####..

Your spell library contained the following spells:

 Spells                   Type           Power        Failure   Level  Hunger
 Passwall                 Tmut/Erth      #####...     1%          2    None
 Petrify                  Tmut/Erth      #####...     1%          4    ###....


Dungeon Overview and Level Annotations

Branches:
Dungeon (5/15)
 Temple: D:4-7

Altars:
Gozag
Okawaru
Xom
Yredelemnul


Innate Abilities, Weirdness & Mutations

You are resistant to torment.
((Your stone body is resilient. (AC +4)))
You are immune to poison.
You resist negative energy. (rN+)
((You are resistant to electric shocks. (rElec)))
((You can survive without breathing.))
You are immune to petrification.
You are immune to rotting.


Message History

You kill the worm!
Casting: Sandblast (safe; 1% risk of failure)
Confirm with . or Enter, or press ? or * to list all spells.
Aiming: Sandblast (safe; 1% risk of failure)
Press: ? - help, Shift-Dir - straight line, f/p - orc warrior
Aim: an orc warrior, wielding a +4 trident and wearing a +0 chain mail (heavily The blast of sand misses the orc warrior.
b - 66 stones Your transformation is almost over.
The orc warrior hits you from afar with a +4 trident.
* * * LOW HITPOINT WARNING * * *
Unknown command.
Okay, then.
Unknown command.
Unknown command.
Unknown command.
The orc warrior hits you from afar with a +4 trident.
* * * LOW HITPOINT WARNING * * *
The orc warrior hits you from afar with a +4 trident.
You die...

..............####
................###
................##
................##
...[.............##
......#...........#
..o.#.......).....#
#)..............#
#♣...[..........
#...............
##..............
#..............
##.............
##...........
###........
#########


You could see an orc warrior.

Vanquished Creatures
  A sky beast (D:5)
  A scorpion (D:4)
  3 orc priests
  5 orc wizards
  Jessica (D:2)
  A centaur skeleton (D:4)
  Natasha (thrice) (D:3)
  A worker ant (D:4)
  5 adders
  An ooze (D:2)
  An adder zombie (D:5)
  An adder skeleton (D:4)
  3 worms
  2 dart slugs
  3 leopard geckos
  16 orcs
  2 ball pythons
  4 bats
  4 giant cockroaches
  11 goblins
  8 hobgoblins
  4 quokkas
  8 frilled lizards
  5 kobolds
  A leopard gecko skeleton (D:4)
  6 rats
101 creatures vanquished.

Notes
Turn   | Place    | Note
-------+----------+-------------------------------------------
     0 | D:1      | Mazzaar the Gargoyle Earth Elementalist began the quest for
                  | the Orb.
     0 | D:1      | Reached XP level 1. HP: 10/10 MP: 3/3
   214 | D:1      | Reached XP level 2. HP: 12/15 MP: 5/5
   297 | D:1      | Reached skill level 4 in Earth Magic
   952 | D:2      | Reached XP level 3. HP: 19/19 MP: 6/6
   957 | D:2      | Learned a level 3 spell: Stone Arrow
  1387 | D:2      | Reached skill level 1 in Conjurations
  1421 | D:2      | Reached XP level 4. HP: 24/24 MP: 5/8
  1741 | D:2      | Found an opulent altar of Gozag.
  1745 | D:2      | Found a shimmering altar of Xom.
  2042 | D:2      | Noticed Jessica
  2046 | D:2      | Killed Jessica
  2194 | D:3      | Reached skill level 5 in Earth Magic
  2222 | D:3      | Found an iron altar of Okawaru.
  2269 | D:3      | Reached XP level 5. HP: 26/28 MP: 9/9
  2290 | D:3      | Learned a level 5 spell: Lee's Rapid Deconstruction
  2529 | D:3      | Noticed Natasha
  2537 | D:3      | Killed Natasha
  2641 | D:3      | Reached XP level 6. HP: 25/32 MP: 2/11
  2945 | D:3      | Noticed Natasha
  2953 | D:3      | Killed Natasha
  3050 | D:3      | Noticed Natasha
  3054 | D:3      | Killed Natasha
  3331 | D:4      | Reached skill level 6 in Earth Magic
  3865 | D:4      | Found a basalt altar of Yredelemnul.
  3884 | D:4      | Reached XP level 7. HP: 20/36 MP: 0/13
  4478 | D:5      | Entered Level 5 of the Dungeon
  4738 | D:5      | HP: 2/54 [orc warrior/+4 trident (2)]
  4741 | D:5      | Slain by an orc warrior

Vault maps used:
D:1:      minmay_arrival_up_and_down
D:2:      minitemple, uniq_jessica
D:3:      first_ration, okawaru_trees_1, uniq_natasha
D:4:      nicolae_overflow_hidden_temple, kennysheep_decorative_pillar,
          kennysheep_generic_room_8
D:5:      lemuel_insect_pit, minmay_temple_entry_butterflies, uniq_duvessa

Skill      XL: |  1  2  3  4  5  6  7 |
---------------+----------------------+-----
Earth Magic    | 4 5 6 |  6.8
Conjurations   | 1 2 3 4 |  4.4
Spellcasting   | 3 4 |  4.8
Dodging        | |  1.5
Stealth        | |  2.1
Transmutations | |  0.7

Action                   |  1- 3 |  4- 6 |  7- 9 || total
-------------------------+-------+-------+-------++-------
Melee: Unarmed           |    10 |       |       ||    10
       Club              |    58 |    83 |       ||   141
       Dagger            |       |    67 |    37 ||   104
 Cast: Sandblast         |    29 |    29 |    11 ||    69
       Stone Arrow       |       |     5 |     5 ||    10
       Lee's Rapid Decon |       |     2 |       ||     2
Evoke: Wand              |       |     3 |     6 ||     9
  Use: Scroll            |       |     8 |     4 ||    12
       Potion            |       |       |     5 ||     5
 Stab: Sleeping          |     3 |     2 |     1 ||     6
       Distracted        |     1 |       |       ||     1
  Eat: Chunk             |     2 |    19 |     3 ||    24
Armor: Robe              |    33 |    56 |    12 ||   101
       Skin              |       |       |    12 ||    12
Dodge: Dodged            |    49 |   133 |    15 ||   197

Table legend:
 A = Non-vault XP
 B = Vault XP
 C = Vault XP percentage of total XP
 D = Non-vault monster count
 E = Vault monster count
 F = Vault count percentage of total count
                 A         B        C        D         E       F
            +---------+---------+-------+---------+---------+-------
      Total |     909 |      75 |   7.6 |      98 |       3 |   3.0
            +---------+---------+-------+---------+---------+-------
        D:1 |      33 |       0 |   0.0 |      16 |       0 |   0.0
        D:2 |      75 |      37 |  33.0 |      24 |       1 |   4.0
        D:3 |     228 |      36 |  13.6 |      32 |       1 |   3.0
        D:4 |     346 |       2 |   0.6 |      20 |       1 |   4.8
        D:5 |     227 |       0 |   0.0 |       6 |       0 |   0.0
            +---------+---------+-------+---------+---------+-------
